 Dungeon Crawl Stone Soup version 0.27-a0-1434-g6f15984924 (webtiles) character file.

Game seed: 6505166745454294155

361 AarnesTheHuman the Shield-Bearer (level 6, 51/51 HPs)
             Began as a Barachi Fighter on July 3, 2021.
             Got out of the dungeon alive.
             The game lasted 00:06:58 (3739 turns).

AarnesTheHuman the Shield-Bearer (Barachi Fighter)  Turns: 3739, Time: 00:06:58

Health: 51/51      AC: 10    Str: 19    XL:     6   Next: 66%
Magic:  6/6        EV:  7    Int:  8    God:
Gold:   130        SH: 10    Dex: 10    Spells: 5/5 levels left

rFire    . . .     SeeInvis .   g - +1 dagger (venom)
rCold    . . .     Faith    .   c - +0 kite shield
rNeg     . . .     Spirit   .   b - +0 scale mail
rPois    .         Reflect  .   (no helmet)
rElec    .         Harm     .   (no cloak)
rCorr    .         Rampage  .   r - +0 pair of gloves
Will     .....                  j - +1 pair of boots
Stlth    ..........             (no amulet)
HPRegen  0.17/turn              (no ring)
MPRegen  0.10/turn              (no ring)

@: slow
A: amphibious, slowness 1, strong legs 1, +LOS, clumsy 1, deterioration 1
a: Hop


You escaped.
You visited 1 branch of the dungeon, and saw 4 of its levels.

You collected 218 gold pieces.
You spent 88 gold pieces at shops.

Inventory:

Hand Weapons
 a - a +0 rapier
 g - a +1 dagger of venom (weapon)
Missiles
 n - 20 poisoned darts (quivered)
Armour
 b - a +0 scale mail (worn)
 c - a +0 kite shield (worn)
 j - a +1 pair of boots (worn)
 r - a +0 pair of gloves (worn)
Magical Staves
 e - a staff of cold
Scrolls
 d - a scroll of summoning {unknown}
 h - 3 scrolls of identify {unknown}
 i - 8 scrolls of teleportation {unknown}
 k - 2 scrolls of enchant weapon {unknown}
 m - a scroll of noise {unknown}
 o - a scroll of holy word {unknown}
 p - a scroll of vulnerability {unknown}
 q - a scroll of acquirement {unknown}
 v - a scroll of enchant armour {unknown}
Potions
 f - a potion of magic {unknown}
 l - a potion of attraction {unknown}
 s - a potion of heal wounds {unknown}
 t - a potion of flight {unknown}
 u - a potion of lignification {unknown}
 w - a potion of brilliance {unknown}


   Skills:
 + Level 5.3 Fighting
 - Level 2.1 Short Blades
 + Level 5.3 Armour
 * Level 6.1 Shields


You had 5 spell levels left.
You didn't know any spells.
Your spell library contained the following spells:

 Spells                   Type           Power      Damage    Failure   Level
 Corona                   Hex            0%         N/A       98%         1
 Freeze                   Ice            0%         1d3       98%         1
 Magic Dart               Conj           0%         1d3       98%         1
 Summon Small Mammal      Summ           0%         N/A       98%         1
 Ensorcelled Hibernation  Hex/Ice        0%         N/A       99%         2
 Searing Ray              Conj           0%         3d3       99%         2
 Call Canine Familiar     Summ           0%         N/A       100%        3
 Frozen Ramparts          Ice            0%         1d2       100%        3
 Gell's Gravitas          Tloc           0%         N/A       100%        3
 Ignite Poison            Fire/Tmut/Pois 0%         N/A       100%        3
 Lesser Beckoning         Tloc           0%         N/A       100%        3
 Mephitic Cloud           Conj/Pois/Air  0%         N/A       100%        3
 Summon Guardian Golem    Hex/Summ       0%         N/A       100%        3
 Teleport Other           Tloc           0%         N/A       100%        3
 Tukima's Dance           Hex            0%         N/A       100%        3
 Fulminant Prism          Conj/Hex       0%         3d6       100%        4
 Hailstorm                Conj/Ice       0%         3d3       100%        4
 Bolt of Magma            Conj/Fire/Erth 0%         4d4       100%        5


Dungeon Overview and Level Annotations

Branches:
Dungeon (4/15)
 Temple: D:4-7

Altars:

Shops:
D:2 !   D:4 *

Annotations:
D:3 3 runed translucent doors, exclusion: 3 doors, Fama's ghost, amateur MiAK; anet's ghost, amateur DECj; wpisznazwe's ghost, amateur GnAK


Innate Abilities, Weirdness & Mutations

You are amphibious.
You cover ground slowly.
You can hop short distances.
You have an extended range of vision and can be seen from far away.
You are clumsy. (Dex -2)
Your body sometimes deteriorates upon taking damage.


Message History

You hit the ogre.
The ogre is severely wounded.
You block the ogre's attack.
You hit the ogre but do no damage.
The ogre looks as sick as possible!
The ogre is almost dead.
You kill the ogre!
Your Shields skill increases to level 6!
There is a stone staircase leading up here.
You climb upwards.
Level annotation: 3 runed translucent doors, exclusion: 3 doors, Fama's ghost, amateur MiAK; anet's ghost, amateur DECj; wpisznazwe's ghost, amateur GnAK
There is a stone staircase leading down here.
You start resting.
You are ready to hop once more.
You start resting.
HP restored.
There is a stone staircase leading down here.
You see here a +0 flail.
Items here: )))))))) [[[.
Things that are here:
2 stones; a +0 club
There is an escape hatch in the ceiling here.
There is a stone staircase leading up here.
You climb upwards.
There is a stone staircase leading down here.
There is an open door here.
There is an entrance to Muirufog's Distillery here.
Unknown command.
x - a potion of mutation Thank you for shopping at Muirufog's Distillery!
Really quaff the potion of mutation?
You feel extremely strange.
You feel yourself wasting away.
You feel clumsy.
There is a stone staircase leading up here.
There is an escape hatch in the ceiling here.
A mysterious force pulls you upwards. The hatch slams shut behind you.
There is an open gate here.
There is a staircase leading out of the dungeon here.
You can't go down here!
Are you sure you want to leave the Dungeon?
This will make you lose the game!
You have escaped!

#.#...#......♣.....♣.....#
#.....
#.#####..................#
#.....
#.............#'''#......#
#.....
########....###...###....#
#..... #....#.......#....#
######
#....#.......#....########
#....#.......#....#.......
#....#.......#....#.######
#....#...@...#....#.#
#..###.......###..#.#
#..#...........#..#.######
#..#.8.......8.#..#†##....
#..#...#####...#..#.##....
#..#####...#####..#.......
#.................####....
#.................####.#.#
#........⌠..^.....#....#.#


There were no monsters in sight!

Vanquished Creatures
  An ogre (D:4)
  A phantom (D:2)
  An orc priest (D:4)
  An orc wizard (D:3)
  5 adders
  A dart slug (D:1)
  15 orcs
  9 ball pythons
  6 bats
  5 endoplasms
  A giant cockroach (D:1)
  7 goblins
  3 hobgoblins
  4 jackals (D:1)
  4 quokkas
  4 frilled lizards (D:1)
  9 kobolds
  8 rats
85 creatures vanquished.

Notes
Turn   | Place    | Note
-------+----------+-------------------------------------------
     0 | D:1      | AarnesTheHuman the Barachi Fighter began the quest for the
                  | Orb.
     0 | D:1      | Reached XP level 1. HP: 18/18 MP: 1/1
    85 | D:1      | Reached XP level 2. HP: 21/25 MP: 2/2
   295 | D:1      | Found a faded altar of an unknown god.
   791 | D:1      | Reached skill level 4 in Shields
   791 | D:1      | Reached XP level 3. HP: 30/30 MP: 3/3
  1387 | D:2      | Found Muirufog's Distillery.
  1506 | D:2      | Reached XP level 4. HP: 36/37 MP: 4/4
  1520 | D:2      | Noticed a phantom
  1559 | D:2      | Killed a phantom
  1560 | D:2      | Reached skill level 5 in Shields
  1560 | D:2      | Reached XP level 5. HP: 32/43 MP: 5/5
  2417 | D:3      | Found a runed translucent gate.
  2417 | D:3      | Found a runed translucent gate.
  2417 | D:3      | Found a runed translucent gate.
  2418 | D:3      | Noticed Fama's ghost (amateur MiAK)
  2418 | D:3      | Noticed wpisznazwe's ghost (amateur GnAK)
  2419 | D:3      | Noticed anet's ghost (amateur DECj)
  2620 | D:3      | Reached skill level 5 in Fighting
  2620 | D:3      | Reached skill level 5 in Armour
  2620 | D:3      | Reached XP level 6. HP: 51/51 MP: 6/6
  3405 | D:4      | Found Gegady Garph's Elemental Accessories.
  3476 | D:4      | Reached skill level 6 in Shields
  3677 | D:2      | Bought a potion of mutation for 88 gold pieces
  3677 | D:2      | Gained mutation: Your body sometimes deteriorates upon
                  | taking damage. [potion of mutation]
  3677 | D:2      | Gained mutation: You are clumsy. (Dex -2) [potion of
                  | mutation]
  3739 | D:$      | Got out of the dungeon alive.

Illustrated notes

Levels and vault maps discovered:
D:1:      wander_arrival_estate, layout_basic, ebering_ecumenical_altar_ruins
D:2:      layout_basic, serial_shops, shop
D:3:      layout_loops_cross, gammafunk_ghost_cemetery, minmay_curled_crystal
D:4:      layout_loops_ring, serial_shops, nicolae_shop_crystal,
          nicolae_elemental_shop

Skill      XL: |  1  2  3  4  5  6 |
---------------+-------------------+-----
Fighting       | 4 5 |  5.3
Armour         | 4 5 |  5.3
Shields        | 4 5 6 |  6.1
Short Blades   | |  2.1

Action                   |  1- 3 |  4- 6 || total
-------------------------+-------+-------++-------
Melee: Rapier            |    61 |       ||    61
       Dagger            |    72 |   174 ||   246
 Abil: Hop               |     1 |     1 ||     2
  Use: Potion            |       |     2 ||     2
Armor: Scale mail        |    52 |    75 ||   127
Dodge: Dodged            |    37 |    36 ||    73
Block: Kite shield       |    87 |    72 ||   159

Table legend: (Time is in decaauts)
 A = Elapsed time spent in this place.
 B = Non-inter-level travel time spent in this place.
 C = Inter-level travel time spent in this place.
 D = Time resting spent in this place.
 E = Time spent auto-exploring this place.
 F = Levels seen in this place.
 G = Mean time per level.
                   A        B        C        D        E       F      G
               +--------+--------+--------+--------+--------+-----+--------+
         Total |   4158 |   3958 |    200 |    823 |   2384 |   4 | 1039.5 |
       Dungeon |   4158 |   3958 |    200 |    823 |   2384 |   4 | 1039.5 |
               +--------+--------+--------+--------+--------+-----+--------+

Top non-repeatable levels by time:
     D:3: 1340 daAuts
     D:2: 1272 daAuts
     D:1: 1126 daAuts
     D:4: 419 daAuts
